 Dungeon Sprint DCSS version bcrawl-1.14.2-1-gc900083943 (webtiles) character file.

Game seed: 3837455848883059037

7435 Groucho the Imperceptible (level 11, 65/65 HPs)
             Began as a Felid Berserker on Sept 21, 2019.
             Was a High Priest of Trog.
             Got out of the dungeon alive.
             The game lasted 00:12:57 (3193 turns).

Groucho the Imperceptible (Felid Berserker)         Turns: 3193, Time: 00:12:57

Health: 65/65      AC:  2    Str: 13    XL:     11   Next: 15%
Magic:  12/12      EV: 31    Int:  9    God:    Trog [*****.]
Gold:   2028       SH:  0    Dex: 19    Spells: 10/10 levels left
                                        Lives:  1   Deaths: 2

rFire    + . .     SeeInvis +     - Unarmed
rCold    + . .     Gourm    .   (shield unavailable)
rNeg     . . .     Faith    .   (armour unavailable)
rPois    .         Spirit   .   (helmet unavailable)
rElec    .         Reflect  .   s - scarf {rC+ rF+}
rCorr    .         Harm     .   (gloves unavailable)
MR       +....     NoTele   +   (boots unavailable)
Stlth    +++++++++.             (no amulet)
HPRegen  0.20/turn              (no ring)
MPRegen  0.13/turn              (no ring)

@: quick
A: very small, no armour, no weapons or thrown items, stealth, claws 1, fangs 3,
see invisible, carnivore, speed 1, shaggy fur 2, slow metabolism 1, sharp paws
a: Berserk, Trog's Hand, Brothers in Arms, Renounce Religion


You escaped.
You worshipped Trog.
Trog was extremely pleased with you.
You were hungry.

You visited 1 branch You collected 2636 gold pieces.
You spent 608 gold pieces at shops.

Inventory:

Hand Weapons
 v - the +8 whip "Snakebite" {curare, rPois}
   (You found it in the Dungeon)

   It poisons the flesh of those it strikes.
   It protects you from poison.
Armour
 s - a scarf of resistance (worn)
Jewellery
 g - the ring "Ynios" {rC- MP+9 Int+4 Slay+4 Stlth-}
   (You found it in the Dungeon)

   [ring of attention]

   It affects your intelligence (+4).
   It affects your accuracy and damage with ranged weapons and melee attacks
   (+4).
   It makes you vulnerable to cold.
   It affects your magic capacity (+9).
   It makes you less stealthy.
 o - the ring "Zerabb" {rF+ rC+ Dex+3 Slay-3, unknown}
   (You found it in the Dungeon)

   [ring of dexterity]

   It affects your dexterity (+3).
   It affects your accuracy and damage with ranged weapons and melee attacks
   (-3).
   It protects you from fire.
   It protects you from cold.
 t - an uncursed ring of stealth {unknown}
Wands
 h - a wand of polymorph (11)
Scrolls
 j - a scroll of fog {unknown}
 n - a scroll of immolation {unknown}
 p - 2 scrolls of remove curse {unknown}
 u - 3 scrolls of identify
Potions
 b - 4 potions of curing
 c - a potion of heal wounds
 d - a potion of haste
 e - 2 potions of magic
 f - 2 potions of berserk rage
 i - a potion of brilliance {unknown}
 k - a potion of invisibility
 l - 3 potions of flight
 r - 2 potions of agility {unknown}
Miscellaneous
 m - a lamp of fire
 q - a sack of spiders
Comestibles
 a - 3 rations {!d}


   Skills:
 * Level 11.4 Fighting
 * Level 14.3 Dodging
 * Level 26.7 Stealth
 * Level 13.3 Unarmed Combat


You had 10 spell levels left.
You didn't know any spells.
Your spell library was empty.

Dungeon Overview and Level Annotations

Branches:
Dungeon (1/1)

Altars:
Cheibriados
Dithmenos
Elyvilon
Fedhas
Gozag
Hepliaklqana
Kikubaaqudgha
Lugonu
Makhleb
Nemelex Xobeh
Okawaru
Qazlal
Ru
Sif Muna
Trog
Uskayaw
Vehumet
Wu Jian
Xom
Yredelemnul
Zin
The Shining One
Jiyva

Shops:
D [!(%![?}[[(((:[[?(


Innate Abilities, Weirdness & Mutations

You cannot wear almost all types of armour.
You are incapable of wielding weapons or throwing items.
Your paws allow you to move quietly. (Stealth)
You have sharp claws.
You have razor-sharp teeth.
You have supernaturally acute eyesight. (SInv)
You are carnivorous and can eat meat at any time.
You cover ground quickly.
You are covered in thick fur. (AC +2)
You have a slow metabolism.
Your sharp claws are effective at attacking unaware monsters.


Message History

Things that are here:
a +0 scythe; a +0 robe
There is an open door here.
You see here a +0 giant spiked club.
There is an open door here.
Items here: ( )) [ a +2 dagger of venom; a +0 hunting sling; 148 sling bullets a +2 leather armour of fire resistance
There is an open door here.
There is a staircase leading out of the dungeon here.
You can't go down here!
Unknown command.
Unknown command.
Are you sure you want to leave the Dungeon?
This will make you lose the game!
Alright, then stay!
Unknown command.
Unknown command.
There is a staircase leading out of the dungeon here.
Are you sure you want to leave the Dungeon?
This will make you lose the game!
You have escaped!

##################
#@.#.)'..#.)'..#__
#..'..#.)'..#..'^.
#..#####'#####'#__
#..####..#...#(###
#..#__####..##§#§§
#..#_____##'#§.§≈§
#⌠⌠#_.∩...'...§#≈§
####_..__##_.#'##'
#_____###'#.#)[


There were no monsters in sight!

Vanquished Creatures
  A fire giant (D)
  A hydra (D)
  2 centaur warriors (D)
  7 unseen horrors (D)
  A lindwurm (D)
  An oklob plant (D)
  A hornet (D)
  A slime creature (D)
  2 redbacks (D)
  Sigmund (D)
  A yak (D)
  13 hogs (D)
  3 floating eyes (D)
  An ogre (D)
  7 necrophages (D)
  8 jellies (D)
  Ijyb (D)
  5 ballistomycetes (D)
57 creatures vanquished.

Vanquished Creatures (collateral kills)
  A golden dragon (D)
  A shadow dragon (D)
  3 fire giants (D)
  Sonja (D)
  A deep troll (D)
  4 demonic crawlers (D)
  2 kobold demonologists (D)
13 creatures vanquished.

Vanquished Creatures (others)
  A gargoyle (D)
  2 ballistomycete spores (D)
3 creatures vanquished.

Grand Total: 73 creatures vanquished

Notes
Turn   | Place    | Note
-------+----------+-------------------------------------------
     0 | D        | Groucho the Felid Berserker began the quest for the Orb.
     0 | D        | Reached XP level 1. HP: 12/12 MP: 2/2
     2 | D        | Reached skill level 6 in Stealth
     2 | D        | Reached XP level 2. HP: 16/16 MP: 3/3
     2 | D        | Noticed Ijyb
     4 | D        | Killed Ijyb
    13 | D        | Reached skill level 10 in Stealth
    13 | D        | Reached XP level 3. HP: 20/20 MP: 4/4
    13 | D        | Noticed an ogre
    15 | D        | Killed an ogre
    28 | D        | Reached skill level 13 in Stealth
    28 | D        | Reached XP level 4. HP: 24/24 MP: 5/5
    28 | D        | Reached XP level 5. HP: 28/28 MP: 6/6
    28 | D        | Noticed Sigmund
    30 | D        | Killed Sigmund
    30 | D        | Reached ** piety under Trog
    42 | D        | Found a shimmering blue altar of Sif Muna.
    43 | D        | Found an ornate altar of the Wu Jian Council.
    44 | D        | Found a radiant altar of Vehumet.
    91 | D        | Found Nirifiow's Distillery.
    91 | D        | Found an ancient bone altar of Kikubaaqudgha.
    91 | D        | Found a hazy altar of Hepliaklqana.
    91 | D        | Found a stormy altar of Qazlal.
    91 | D        | Found a hide-covered altar of Uskayaw.
    91 | D        | Found a blossoming altar of Fedhas.
    91 | D        | Found a bloodstained altar of Trog.
    91 | D        | Found an iron altar of Okawaru.
    91 | D        | Found a basalt altar of Yredelemnul.
    91 | D        | Found a glowing golden altar of the Shining One.
    91 | D        | Found a snail-covered altar of Cheibriados.
    91 | D        | Found a sacrificial altar of Ru.
    91 | D        | Found a glowing silver altar of Zin.
    91 | D        | Found a shadowy altar of Dithmenos.
    91 | D        | Found a white marble altar of Elyvilon.
    91 | D        | Reached skill level 15 in Stealth
    91 | D        | Noticed a yak
    92 | D        | Found an opulent altar of Gozag.
    93 | D        | Killed a yak
    94 | D        | Found a sparkling altar of Nemelex Xobeh.
    98 | D        | Bought a potion of invisibility for 96 gold pieces
    98 | D        | Bought a potion of flight for 36 gold pieces
    98 | D        | Bought a potion of heal wounds for 60 gold pieces
   112 | D        | Found a burning altar of Makhleb.
   112 | D        | Found a shimmering altar of Xom.
   112 | D        | Reached skill level 16 in Stealth
   112 | D        | Gained mutation: You are covered in thick fur. (AC +2)
                  | [Felid growth]
   112 | D        | Reached XP level 6. HP: 32/32 MP: 7/7
   112 | D        | Noticed a slime creature
   121 | D        | Killed a slime creature
   121 | D        | Reached *** piety under Trog
   343 | D        | Found a viscous altar of Jiyva.
   343 | D        | Found a corrupted altar of Lugonu.
   378 | D        | Reached skill level 19 in Stealth
   378 | D        | Reached XP level 7. HP: 36/36 MP: 8/8
   378 | D        | Noticed a centaur warrior
   378 | D        | Reached skill level 21 in Stealth
   378 | D        | Reached XP level 8. HP: 40/40 MP: 9/9
   378 | D        | Noticed a centaur warrior
   379 | D        | Killed a centaur warrior
   380 | D        | Killed a centaur warrior
   403 | D        | Noticed a hornet
   417 | D        | Killed a hornet
   443 | D        | Reached skill level 22 in Stealth
   443 | D        | Noticed an oklob plant
   445 | D        | Killed an oklob plant
   445 | D        | Reached **** piety under Trog
   447 | D        | Noticed a redback
   447 | D        | Reached skill level 23 in Stealth
   447 | D        | Noticed a redback
   452 | D        | Killed a redback
   455 | D        | Killed a redback
   480 | D        | Reached skill level 24 in Stealth
   480 | D        | Reached XP level 9. HP: 44/44 MP: 10/10
   480 | D        | Noticed an unseen horror
   481 | D        | Reached skill level 5 in Dodging
   481 | D        | Noticed an unseen horror
   495 | D        | Killed an unseen horror
   635 | D        | Killed an unseen horror
   635 | D        | Reached ***** piety under Trog
   786 | D        | Reached skill level 5 in Unarmed Combat
  1011 | D        | Reached ****** piety under Trog
  1540 | D        | Got a sparkling steel ring
  1548 | D        | Got a sparkling ivory ring
  1560 | D        | Identified the ring "Ynios" {rC- MP+9 Int+4 Slay+4 Stlth-}
                  | (You found it in the Dungeon)
  1561 | D        | Found Mudopseps's Food Shoppe.
  1561 | D        | Found Destynt's Weapon Shop.
  1561 | D        | Found Gymuxa's Distillery.
  1563 | D        | Found Hihotwet's Antique Armour Emporium.
  1563 | D        | Found Pien's Magic Scroll Shop.
  1563 | D        | Found Wegeomurph's Gadget Shoppe.
  1563 | D        | Found Saonu Wae's Armour Boutique.
  1563 | D        | Found Zaotzopp's Armour Emporium.
  1563 | D        | Found Voymaw's Antique Weapon Shop.
  1563 | D        | Found Jopisos's Weapon Shoppe.
  1567 | D        | Found Merpho Hyruwk's Antique Weapon Boutique.
  1568 | D        | Found Ligutz's Armour Emporium.
  1568 | D        | Found Gujus's Book Boutique.
  1569 | D        | Found Xoblaike's Magic Scroll Emporium.
  1619 | D        | Reached skill level 5 in Fighting
  1619 | D        | Noticed a deep troll
  1622 | D        | Killed a deep troll
  1629 | D        | Found Iteyfid's Armour Emporium.
  1774 | D        | Killed a gargoyle
  1902 | D        | Noticed Sonja
  1909 | D        | Killed Sonja
  1926 | D        | Killed by an exploding ballistomycete spore
  1927 | D        | Reached XP level 8. HP: -19/40 MP: 9/9
  2022 | D        | Found Jamodghu's Antique Armour Boutique.
  2059 | D        | Noticed a kobold demonologist
  2060 | D        | Reached XP level 9. HP: 48/48 MP: 10/10
  2060 | D        | Noticed a kobold demonologist
  2067 | D        | Killed a kobold demonologist
  2068 | D        | Noticed a red devil
  2069 | D        | Killed a kobold demonologist
  2074 | D        | Noticed a demonic crawler
  2074 | D        | Noticed a demonic crawler
  2074 | D        | Noticed a demonic crawler
  2074 | D        | Noticed a demonic crawler
  2076 | D        | Killed a demonic crawler
  2077 | D        | Killed a demonic crawler
  2080 | D        | Killed a demonic crawler
  2082 | D        | Killed a demonic crawler
  2275 | D        | Reached skill level 25 in Stealth
  2275 | D        | Noticed a lindwurm
  2277 | D        | Killed a lindwurm
  2297 | D        | Reached skill level 10 in Dodging
  2298 | D        | Reached XP level 10. HP: 56/56 MP: 11/11
  2322 | D        | Noticed a 12-headed hydra
  2322 | D        | Reached skill level 10 in Unarmed Combat
  2324 | D        | Killed a 12-headed hydra
  2401 | D        | Bought a scarf of resistance for 416 gold pieces
  2535 | D        | Noticed a shadow dragon
  2535 | D        | Noticed a golden dragon
  2541 | D        | Killed from afar by a shadow dragon
  2542 | D        | Reached XP level 9. HP: -1/54 MP: 10/10
  2549 | D        | Killed a golden dragon
  2551 | D        | Killed a shadow dragon
  2628 | D        | Found Lesuon's Antique Weapon Shoppe.
  2629 | D        | Found the +8 whip "Snakebite" {curare, rPois}
  2709 | D        | Reached skill level 10 in Fighting
  2709 | D        | Reached skill level 26 in Stealth
  2709 | D        | Reached XP level 10. HP: 59/59 MP: 11/11
  2709 | D        | Noticed a daeva
  2713 | D        | Noticed an unseen horror
  2713 | D        | Noticed an unseen horror
  2713 | D        | Noticed an unseen horror
  2713 | D        | Noticed an unseen horror
  2715 | D        | Killed an unseen horror
  2716 | D        | Noticed an unseen horror
  2717 | D        | Killed an unseen horror
  2718 | D        | Killed an unseen horror
  2720 | D        | Killed an unseen horror
  2722 | D        | Killed an unseen horror
  2897 | D        | Noticed a fire giant
  2900 | D        | Noticed a fire giant
  2901 | D        | Reached XP level 11. HP: 65/65 MP: 12/12
  2901 | D        | Noticed a fire giant
  2902 | D        | Noticed a fire giant
  2904 | D        | Killed a fire giant
  2916 | D        | Killed a fire giant
  2926 | D        | Killed a fire giant
  2933 | D        | Killed a fire giant
  3193 | D        | Got out of the dungeon alive.

Skill      XL: |  1  2  3  4  5  6  7  8  9 10 |
---------------+-------------------------------+-----
Stealth        | 6 10 13 16 19 21 24 26 | 26.7
Dodging        | 8 10 14 | 14.3
Unarmed Combat | 9 13 | 13.3
Fighting       | 6 10 11 | 11.4

Action                   |  1- 3 |  4- 6 |  7- 9 | 10-12 || total
-------------------------+-------+-------+-------+-------++-------
Melee: Unarmed           |     2 |    10 |   104 |    25 ||   141
       Bite              |       |     1 |    11 |     1 ||    13
       Punch             |       |       |     4 |       ||     4
Invok: Berserk           |       |     1 |     7 |       ||     8
       Trog's Hand       |       |       |     3 |     1 ||     4
       Brothers in Arms  |       |       |     9 |     3 ||    12
  Use: Scroll            |       |       |     3 |       ||     3
       Potion            |       |       |       |     1 ||     1
 Stab: Sleeping          |     2 |     3 |    16 |    18 ||    39
  Eat: Chunk             |     1 |       |    16 |     1 ||    18
Armor: Skin              |       |       |     2 |     1 ||     3
Dodge: Dodged            |       |     2 |    82 |     8 ||    92
